 Dungeon Crawl Stone Soup version 0.24.0-13-gcf9b319 (webtiles) character file.

Game seed: 4123581380864146283, levelgen mode: deterministic

42 Bronimir the Digger (level 3, -2/25 HPs)
             Began as a Formicid Earth Elementalist on Apr 21, 2020.
             Slain by an orc
             ... wielding a +0 flail of protection
              (6 damage)
             ... on level 3 of the Dungeon.
             The game lasted 00:03:23 (2057 turns).

Bronimir the Digger (Formicid Earth Elementalist)   Turns: 2057, Time: 00:03:25

Health: -2/25      AC:  3    Str: 13    XL:     3   Next: 80%
Magic:  0/6        EV: 12    Int: 14    God:
Gold:   126        SH:  0    Dex: 11    Spells: 0/6 levels left

rFire    . . .     SeeInvis +   a - +2 hand axe (chop)
rCold    . . .     Gourm    .   (no shield)
rNeg     . . .     Faith    .   k - +0 leather armour
rPois    .         Spirit   .   (helmet unavailable)
rElec    .         Reflect  .   (no cloak)
rCorr    .         Harm     .   (no gloves)
MR       .....                  (no boots)
Stlth    ++........             (no amulet)
HPRegen  0.08/turn              (no ring)
MPRegen  0.10/turn              (no ring)

@: no status effects
A: permanent stasis, dig shafts and tunnels, four strong arms, antennae 3
a: Dig, Shaft Self


You were on level 3 of the Dungeon.
You were not hungry.

You visited 1 branch of the dungeon, and saw 3 of its levels.

You collected 126 gold pieces.

Inventory:

Hand Weapons
 a - a +2 hand axe of chopping (weapon)
 b - a +0 hunting sling
 r - a +0 club
 w - a +0 quarterstaff
Missiles
 h - 60 stones (quivered)
 i - 13 sling bullets
 j - 3 boomerangs
 n - 17 bolts
Armour
 c - a +0 robe
 k - a +0 leather armour (worn)
 t - a +0 ring mail
Jewellery
 p - a +2 ring of protection {unknown}
 q - an uncursed ring of see invisible {unknown}
 u - an uncursed ring of protection from magic {unknown}
Scrolls
 e - 2 scrolls of remove curse {unknown}
 m - a scroll of amnesia {unknown}
 x - a scroll of identify {unknown}
Potions
 f - a potion of curing
 g - a potion of berserk rage {unknown}
 l - a potion of degeneration {unknown}
 o - a potion of ambrosia {unknown}
 s - 2 potions of haste {unknown}
Comestibles
 d - 2 rations
 v - a chunk of flesh


   Skills:
 * Level 0.5 Fighting
 * Level 0.1 Axes
 + Level 0.8 Slings
 * Level 1.1 Armour
 + Level 2.0 Dodging
 - Level 2.4 Stealth
 + Level 2.3 Spellcasting
 * Level 0.3 Conjurations
 + Level 1.1 Transmutations
 * Level 4.4 Earth Magic


You couldn't memorise any spells.
You knew the following spells:

 Your Spells              Type           Power        Failure   Level  Hunger
a - Sandblast             Erth           ##....       4%          1    #......
b - Passwall              Tmut/Erth      #.......     14%         2    ###....
c - Stone Arrow           Conj/Erth      #.....       32%         3    ###....

Your spell library contained the following spells:

 Spells                   Type           Power        Failure   Level  Hunger
 Petrify                  Tmut/Erth      #.......     67%         4    #####..
 Lee's Rapid Deconstruct  Erth           ##........   78%         5    ######.


Dungeon Overview and Level Annotations

Branches:
Dungeon (3/15)

Altars:


Innate Abilities, Weirdness & Mutations

You cannot be hasted, slowed, berserked, paralysed or teleported.
You can dig through walls and to a lower floor.
Your four strong arms can wield two-handed weapons with a shield.
You have a pair of large antennae on your head. (SInv)


Message History

The orc is lightly wounded.
h - 61 stones The orc priest calls down the wrath of Beogh upon you.
Beogh smites you!
* * * LOW HITPOINT WARNING * * *
It was a potion of curing.
You feel better.
The orc priest looks braver for a moment.
The orc barely misses you.
Casting: Sandblast (safe; 4% risk of failure)
Confirm with . or Enter, or press ? or * to list all spells.
Aiming: Sandblast (safe; 4% risk of failure)
Press: ? - help, Shift-Dir - straight line, f - orc priest, p - orc
Aim: an orc priest, wielding a +0 club The blast of sand hits the orc priest.
The orc priest is moderately wounded.
h - 60 stones The orc priest hits you with a +0 club.
* * * LOW HITPOINT WARNING * * *
The orc hits you with a +0 flail of protection.
You die...

...... ....
{.... ... .o#
#o#####..
#+#oo.....#
#.#@# #.#.#
##.#.###.#
##........#
#...#####.#
##...# #
##.####.####....
...............#
##.####.####...#


You could see an orc priest and 3 orcs.

Vanquished Creatures
  An adder (D:3)
  A dart slug (D:1)
  3 bats (D:1)
  A giant cockroach (D:2)
  5 goblins (D:1)
  4 hobgoblins
  3 jackals (D:3)
  A quokka (D:3)
  3 frilled lizards (D:1)
  2 kobolds
  6 rats
30 creatures vanquished.

Notes
Turn   | Place    | Note
-------+----------+-------------------------------------------
     0 | D:1      | Bronimir the Formicid Earth Elementalist began the quest
                  | for the Orb.
     0 | D:1      | Reached XP level 1. HP: 13/13 MP: 3/3
    66 | D:1      | Reached skill level 4 in Earth Magic
   241 | D:1      | Reached XP level 2. HP: 15/19 MP: 5/5
   652 | D:1      | Reached skill level 1 in Armour
   685 | D:1      | Reached XP level 3. HP: 9/24 MP: 2/6
   869 | D:1      | Learned a level 2 spell: Passwall
   873 | D:1      | Learned a level 3 spell: Stone Arrow
  2055 | D:3      | HP: 1/25 [orc priest/divine providence (10)]
  2057 | D:3      | Slain by an orc

Levels and vault maps discovered:
D:1:      tarquinn_simple_flora_water_c, layout_basic
D:2:      layout_basic, first_ration, minmay_tetromino_t2
D:3:      layout_loops_corners, minmay_misc_feat_encased

Skill      XL: |  1  2 |
---------------+-------+-----
Earth Magic    | 4 |  4.4
Armour         | 1 |  1.1
Dodging        | 2 |  2.0
Fighting       | |  0.5
Axes           | |  0.1
Slings         | |  0.8
Stealth        | |  2.4
Spellcasting   | |  2.3
Conjurations   | |  0.3
Transmutations | |  1.1

Action                   || total
-------------------------++-------
Melee: Unarmed           ||    11
       Club              ||    17
       Hand axe          ||    20
 Fire: Hunting sling     ||    33
 Cast: Sandblast         ||    20
       Stone Arrow       ||     1
  Use: Potion            ||     1
  Eat: Chunk             ||     4
Armor: Robe              ||    15
       Leather armour    ||     8
Dodge: Dodged            ||    45
